Map: Graystone Ravine

Players

Ekelpack

  • Race: Zerg Zerg
  • Spawn Location: 9:00

Nyck

  • Race: Terran Terran
  • Spawn Location: 11:00

FlyEater - Winner!

  • Race: Terran Terran
  • League: Platinum
  • Spawn Location: 5:00

lstar - Winner!

  • Race: Protoss Protoss
  • League: Diamond
  • Spawn Location: 3:00

VOD

Have the link to the VOD?

Description

Time

  • Played on: Nov. 19, 2024, 1:36 p.m.
  • Length: 3:57
Show
View Real Time Build Order
Export as new Build Order

Ekelpack Zerg 

Build Orders: Hatch First 

Get SALT Encoding   

  12  0:00  Drone  
  13  0:12  Overlord  
  13  0:18  Drone  
  14  0:32  Drone  
  15  0:47  Hatchery  
  15  0:49  Drone  
  15  1:05  Spawning Pool  
  15  1:08  Drone  
  15  1:11  Extractor  
  14  1:13  Drone  
  14  1:17  Drone  
  16  1:22  Drone  
  17  1:31  Drone  
  18  1:43  Drone  
  19  1:55  Queen  
  19  1:57  Drone  
  19  1:58  Queen  
  24  2:05  Drone  
  24  2:08  Drone  
  26  2:15  Drone  
  27  2:24  Overlord  
  27  2:30  Zergling x2  
  27  2:40  Zergling x2  
  22  3:04  Zergling x10  
  22  3:05  Zergling x2  
  22  3:16  Spine Crawler  
  22  3:17  Spine Crawler  
  22  3:18  Drone  
Show
View Real Time Build Order
Export as new Build Order

Nyck Terran 

Build Orders: Reaper Expand 

Get SALT Encoding   

  12  0:00  SCV  
  13  0:12  SCV  
  14  0:17  Supply Depot  
  14  0:32  SCV  
  15  0:41  Barracks  
  15  0:47  Refinery  
  15  0:54  SCV, Refinery  
  16  1:06  SCV  
  17  1:21  SCV  
  18  1:33  Orbital Command  
  18  1:46  Command Center  
  18  1:56  Reaper  
  18  2:23  SCV  
  18  2:35  Reaper  
  19  2:45  Bunker  
  19  2:51  Barracks  
  19  2:53  SCV, Barracks  
  21  3:05  SCV  
  21  3:07  Reaper  
Show
View Real Time Build Order
Export as new Build Order

FlyEater Terran - Winner!

Build Orders:  

Get SALT Encoding   

  12  0:00  SCV  
  13  0:13  Supply Depot  
  13  0:23  SCV  
  14  0:36  Refinery  
  14  0:42  Barracks  
  14  0:53  SCV  
  15  1:14  Barracks  
  15  1:17  SCV  
  16  1:30  Orbital Command, Reaper  
  17  1:46  Barracks  
  17  1:56  SCV  
  18  2:03  Reaper x2  
  20  2:08  SCV  
  21  2:17  Supply Depot  
  21  2:28  SCV  
  22  2:35  Reaper  
  23  2:39  Reaper  
  23  2:40  SCV  
  25  2:47  Refinery  
  25  2:52  SCV  
  26  3:04  Reaper  
  27  3:06  SCV  
  28  3:24  Reaper  
  28  3:36  Marine  
  28  3:37  Marine  
  28  3:40  SCV  
  27  3:44  Factory  
Show
View Real Time Build Order
Export as new Build Order

lstar Protoss - Winner!

Build Orders:  

Get SALT Encoding   

  12  0:01  Probe  
  13  0:15  Probe  
  14  0:27  Pylon  
  14  0:29  Probe  
  15  0:46  Gateway  
  15  0:51  Gateway  
  15  1:00  Gateway  
  15  1:11  Gateway  
  15  1:18  Probe  
  16  1:30  Probe  
  17  1:40  Zealot x2 (Chrono Boost)  
  17  1:41  Pylon  
  23  1:55  Zealot (Chrono Boost)  
  23  1:59  Zealot  
  25  2:05  Zealot  
  31  2:22  Zealot x2  
  31  2:32  Pylon  
  30  2:50  Zealot x3  
  30  2:51  Zealot  
  38  3:28  Cybernetics Core  
  38  3:29  Assimilator  
  38  3:31  Assimilator  
  38  3:32  Pylon  
Tags
 
Add a new tag
Caveats
  • Supply blocks, unpowered buildings, or Contaminate may cause inaccurate times.
  • Supply counts are checked every 10 seconds.